SNL (28 & UNDER)
BLACKIRON DRAGONS @ MEMPHIS BLUES
08/17/2029
 
TOP OF THE 1ST
BlackIron Dragons batting - Pitching for Memphis Blues : RHP Michael Hutchins
Pitching: RHP Michael Hutchins
Batting: LHB Miguel García 0-0: Ball
1-0: Fly out, F9 (Flyball, 9LM)
Batting: RHB Bernardo Corona 0-0: Foul Ball, location: 2F
0-1: Ball
1-1: Fly out, F9 (Flyball, 9)
Batting: SHB Félix Montoya 0-0: SINGLE (Line Drive, 7S)
Batting: RHB Brady McIntyre 0-0: Ball
1-0: DOUBLE (Flyball, 8LXD)
Félix Montoya to third
Runner from 3rd tries for Home, SAFE, no throw
Batting: RHB Doug O'Brien 0-0: Ball
1-0: Ball
2-0: Foul Ball, location: 2F
2-1: Foul Ball, location: 2F
2-2: Fly out, F9 (Flyball, 9D)
Top of the 1st over - 1 run, 2 hits, 0 errors, 1 left on base; BlackIron 1 - Memphis 0
BOTTOM OF THE 1ST
Memphis Blues batting - Pitching for BlackIron Dragons : RHP Juan Carlos Guerrero
Pitching: RHP Juan Carlos Guerrero
Batting: SHB José Velásquez 0-0: Called Strike
0-1: Ground out 6-3 (Groundball, 6)
Batting: RHB Jesús Sánchez 0-0: Called Strike
0-1: Ground out 6-3 (Groundball, 6)
Batting: LHB Weston Chaney 0-0: Ball
1-0: Ball
2-0: Fly out, F8 (Flyball, 8LD)
Bottom of the 1st over - 0 runs, 0 hits, 0 errors, 0 left on base; BlackIron 1 - Memphis 0
TOP OF THE 2ND
BlackIron Dragons batting - Pitching for Memphis Blues : RHP Michael Hutchins
Batting: RHB Roderick Silva 0-0: Foul Ball, location: 2F
0-1: Ball
1-1: Ball
2-1: Ball
3-1: Foul Ball, location: 2F
3-2: Foul Ball, location: 2F
3-2: Base on Balls
Batting: LHB Miguel Barrón 0-0: Foul Ball, location: 2F
0-1: Ball
1-1: Called Strike
Roderick Silva is caught stealing 2nd base
1-2: Strikes out looking
Batting: RHB Randall Walker 0-0: Foul Ball, location: 2F
0-1: Called Strike
0-2: Foul Ball, location: 2F
0-2: Foul Ball, location: 2F
0-2: Ground out 5-3 (Groundball, 5)
Top of the 2nd over - 0 runs, 0 hits, 0 errors, 0 left on base; BlackIron 1 - Memphis 0
BOTTOM OF THE 2ND
Memphis Blues batting - Pitching for BlackIron Dragons : RHP Juan Carlos Guerrero
Batting: LHB Brenton Carter 0-0: SINGLE (Groundball, 34S) (infield hit)
Batting: RHB Aaron Grizzle 0-0: Foul Ball, location: 2F
0-1: Called Strike
0-2: Strikes out swinging
Batting: RHB Julian Lee 0-0: Ball
1-0: Called Strike
1-1: Ball
2-1: Grounds into double play, 4-6-3 (Groundball, 34)
Bottom of the 2nd over - 0 runs, 1 hit, 0 errors, 0 left on base; BlackIron 1 - Memphis 0
TOP OF THE 3RD
BlackIron Dragons batting - Pitching for Memphis Blues : RHP Michael Hutchins
Batting: RHB George Arnold 0-0: Ball
1-0: Called Strike
1-1: Foul Ball, location: 2F
1-2: Ball
2-2: Foul Ball, location: 2F
2-2: Strikes out swinging
Batting: LHB Miguel García 0-0: Ball
1-0: Fly out, F2 (Popup, 2L)
Batting: RHB Bernardo Corona 0-0: Fly out, F4 (Line Drive, 4MD)
Top of the 3rd over - 0 runs, 0 hits, 0 errors, 0 left on base; BlackIron 1 - Memphis 0
BOTTOM OF THE 3RD
Memphis Blues batting - Pitching for BlackIron Dragons : RHP Juan Carlos Guerrero
Batting: RHB Dennis Mays 0-0: Fly out, F4 (Line Drive, 4)
Batting: RHB Leopoldo Horgan 0-0: Ball
1-0: Ball
2-0: Ball
3-0: Called Strike
3-1: Called Strike
3-2: Strikes out swinging
Batting: RHB Salvador Mendoza 0-0: Swinging Strike
0-1: SINGLE (Line Drive, 8RS)
Batting: SHB José Velásquez 0-0: Called Strike
0-1: Ball
1-1: Swinging Strike
1-2: Ball
2-2: Fly out, F9 (Flyball, 9LDF)
Bottom of the 3rd over - 0 runs, 1 hit, 0 errors, 1 left on base; BlackIron 1 - Memphis 0
TOP OF THE 4TH
BlackIron Dragons batting - Pitching for Memphis Blues : RHP Michael Hutchins
Batting: SHB Félix Montoya 0-0: Ball
1-0: Foul Ball, location: 2F
1-1: Called Strike
1-2: Ball
2-2: DOUBLE (Flyball, 8RD)
Batting: RHB Brady McIntyre 0-0: Ball
1-0: Called Strike
1-1: Called Strike
1-2: Ball
2-2: Fly out, F8 (Flyball, 8RM)
Batting: RHB Doug O'Brien 0-0: Called Strike
Félix Montoya steals 3rd base
0-1: Ball
1-1: Fly out, F8 (Line Drive, 78M)
Runner from 3rd tags up, SCORES, no throw
Batting: RHB Roderick Silva 0-0: Ball
1-0: Swinging Strike
1-1: Fly out, F6 (Line Drive, 6)
Top of the 4th over - 1 run, 1 hit, 0 errors, 0 left on base; BlackIron 2 - Memphis 0
BOTTOM OF THE 4TH
Memphis Blues batting - Pitching for BlackIron Dragons : RHP Juan Carlos Guerrero
Batting: RHB Jesús Sánchez 0-0: Foul Ball, location: 2F
0-1: Ball
1-1: Fly out, F6 (Line Drive, 6)
Batting: LHB Weston Chaney 0-0: Called Strike
0-1: Ball
1-1: SINGLE (Line Drive, 89S)
Batting: LHB Brenton Carter 0-0: Called Strike
0-1: Ball
1-1: Swinging Strike
1-2: Foul Ball, location: 2F
1-2: Ball
2-2: Ball
3-2: Fly out, F8 (Flyball, 89D)
Batting: RHB Aaron Grizzle 0-0: Ball
1-0: Ball
2-0: Called Strike
2-1: Foul Ball, location: 2F
2-2: Fly out, F6 (Popup, 56)
Bottom of the 4th over - 0 runs, 1 hit, 0 errors, 1 left on base; BlackIron 2 - Memphis 0
TOP OF THE 5TH
BlackIron Dragons batting - Pitching for Memphis Blues : RHP Michael Hutchins
Batting: LHB Miguel Barrón 0-0: Called Strike
0-1: Foul Ball, location: 2F
0-2: Foul Ball, location: 2F
0-2: Ground out 1-3 (Groundball, P)
Batting: RHB Randall Walker 0-0: Ball
1-0: Fly out, F8 (Flyball, 8LM)
Batting: RHB George Arnold 0-0: Called Strike
0-1: SINGLE (Groundball, 6MD)
Batting: LHB Miguel García 0-0: Called Strike
0-1: TRIPLE (Flyball, 78XD)
George Arnold scores
Batting: RHB Bernardo Corona 0-0: Ball
1-0: Foul Ball, location: 2F
1-1: Swinging Strike
1-2: Ball
2-2: Foul Ball, location: 2F
2-2: Ball
3-2: Base on Balls
Batting: SHB Félix Montoya 0-0: Called Strike
0-1: Ball
1-1: Ball
2-1: Swinging Strike
2-2: Strikes out swinging
Top of the 5th over - 1 run, 2 hits, 0 errors, 2 left on base; BlackIron 3 - Memphis 0
BOTTOM OF THE 5TH
Memphis Blues batting - Pitching for BlackIron Dragons : RHP Juan Carlos Guerrero
Batting: RHB Julian Lee 0-0: Fly out, F8 (Flyball, 8RD)
Batting: RHB Dennis Mays 0-0: DOUBLE (Line Drive, 7D)
Batting: RHB Leopoldo Horgan 0-0: Ball
1-0: Called Strike
1-1: Ball
2-1: Called Strike
2-2: Fly out, F7 (Flyball, 78D)
Batting: RHB Salvador Mendoza 0-0: Called Strike
0-1: Ball
1-1: Swinging Strike
1-2: Foul Ball, location: 2F
1-2: Ball
2-2: Ball
3-2: Foul Ball, location: 2F
3-2: Strikes out looking
Bottom of the 5th over - 0 runs, 1 hit, 0 errors, 1 left on base; BlackIron 3 - Memphis 0
TOP OF THE 6TH
BlackIron Dragons batting - Pitching for Memphis Blues : RHP Michael Hutchins
Batting: RHB Brady McIntyre 0-0: Ball
1-0: Called Strike
1-1: Called Strike
1-2: Strikes out looking
Batting: RHB Doug O'Brien 0-0: Called Strike
0-1: Called Strike
0-2: Foul Ball, location: 2F
0-2: Foul Ball, location: 2F
0-2: Ground out U3 (Groundball, 3)
Batting: RHB Roderick Silva 0-0: SOLO HOME RUN (Flyball, 7D), Distance : 396 ft
Batting: LHB Miguel Barrón 0-0: SINGLE (Line Drive, 6MD)
Batting: RHB Randall Walker 0-0: Ball
Miguel Barrón steals 2nd base
1-0: Foul Ball, location: 2F
1-1: Swinging Strike
1-2: Ball
2-2: Ball
3-2: Base on Balls
Batting: RHB George Arnold 0-0: Ball
1-0: SINGLE (Line Drive, 3D)
Miguel Barrón to third
Randall Walker to second
Runner from 3rd tries for Home, SAFE, no throw
Batting: LHB Miguel García 0-0: SINGLE (Groundball, 3D)
Randall Walker to third
George Arnold to second
Runner from 3rd tries for Home, SAFE, no throw
Batting: RHB Bernardo Corona 0-0: Called Strike
0-1: Ball
1-1: Foul Ball, location: 2F
1-2: SINGLE (Line Drive, 56)
George Arnold to third
Miguel García to second
Runner from 3rd tries for Home, SAFE, no throw
Batting: SHB Félix Montoya 0-0: Called Strike
0-1: Swinging Strike
0-2: Ball
1-2: Ball
2-2: Foul Ball, location: 2F
2-2: Ball
3-2: Strikes out swinging
Top of the 6th over - 4 runs, 5 hits, 0 errors, 2 left on base; BlackIron 7 - Memphis 0
BOTTOM OF THE 6TH
Memphis Blues batting - Pitching for BlackIron Dragons : RHP Juan Carlos Guerrero
Batting: SHB José Velásquez 0-0: Ball
1-0: Ball
2-0: Ball
3-0: Base on Balls
Batting: RHB Jesús Sánchez 0-0: Ball
1-0: Ball
2-0: Swinging Strike
2-1: Ball
3-1: Foul Ball, location: 2F
3-2: Strikes out swinging
Pitching: RHP António Molina
Batting: LHB Weston Chaney 0-0: SINGLE (Groundball, 56D)
José Velásquez to second
Batting: LHB Brenton Carter 0-0: Called Strike
José Velásquez steals 3rd base
Weston Chaney to second
0-1: Swinging Strike
0-2: Ground out 4-3 (Groundball, 4)
José Velásquez scores
Weston Chaney to third
Batting: RHB Aaron Grizzle 0-0: Ball
1-0: DOUBLE (Line Drive, 7LM)
Weston Chaney scores
Batting: RHB Julian Lee 0-0: Ball
1-0: Ball
2-0: Ball
3-0: Called Strike
3-1: Foul Ball, location: 2F
3-2: Foul Ball, location: 2F
3-2: Base on Balls
Batting: RHB Dennis Mays 0-0: Foul Ball, location: 2F
0-1: Ball
1-1: Fielders Choice at 2nd, 6-4 (Groundball, 6)
Bottom of the 6th over - 2 runs, 2 hits, 0 errors, 2 left on base; BlackIron 7 - Memphis 2
TOP OF THE 7TH
BlackIron Dragons batting - Pitching for Memphis Blues : RHP Michael Hutchins
Pitching: LHP Fernando Palácios
Batting: RHB Brady McIntyre 0-0: Ball
1-0: Ball
2-0: Ball
3-0: Swinging Strike
3-1: Base on Balls
Batting: RHB Doug O'Brien 0-0: Ball
1-0: Ball
2-0: Called Strike
2-1: Called Strike
2-2: Ball
3-2: Base on Balls
Brady McIntyre to second
Pitching: RHP Scott Willerton
Batting: RHB Roderick Silva 0-0: Called Strike
0-1: Ball
1-1: Swinging Strike
1-2: Ball
2-2: 3-RUN HOME RUN (Flyball, 7LD), Distance : 372 ft
Batting: LHB Miguel Barrón 0-0: Called Strike
0-1: Foul Ball, location: 2F
0-2: Foul Ball, location: 2F
0-2: Ball
1-2: Ball
2-2: Strikes out swinging
Batting: RHB Randall Walker 0-0: Ball
1-0: SINGLE (Groundball, 56D)
Pitching: LHP Peter Turner
Batting: RHB George Arnold 0-0: Called Strike
0-1: Foul Ball, location: 2F
0-2: Ball
1-2: SINGLE (Groundball, 56D)
Randall Walker to second
Pitching: RHP Luis Pistoni
Batting: LHB Miguel García 0-0: Ball
1-0: Called Strike
1-1: Ball
2-1: Ball
3-1: Called Strike
3-2: Foul Ball, location: 2F
3-2: Base on Balls
Randall Walker to third
George Arnold to second
Batting: RHB Bernardo Corona 0-0: Ball
1-0: Ball
2-0: Called Strike
2-1: Ground out 3-1 (Groundball, 34S)
Randall Walker scores
George Arnold to third
Miguel García to second
Batting: SHB Félix Montoya 0-0: Swinging Strike
0-1: Ball
1-1: Reached on error, E5 (Groundball, 5L)
George Arnold scores
Miguel García to third
Batting: RHB Brady McIntyre 0-0: Ball
1-0: Called Strike
Félix Montoya steals 2nd base
1-1: Called Strike
1-2: Strikes out looking
Top of the 7th over - 5 runs, 3 hits, 1 error, 2 left on base; BlackIron 12 - Memphis 2
BOTTOM OF THE 7TH
Memphis Blues batting - Pitching for BlackIron Dragons : RHP António Molina
Batting: RHB Leopoldo Horgan 0-0: Ball
1-0: Ball
2-0: Called Strike
2-1: Foul Ball, location: 2F
2-2: Foul Ball, location: 2F
2-2: Ground out 5-3 (Groundball, 56S)
Batting: RHB Salvador Mendoza 0-0: Ball
1-0: Swinging Strike
1-1: Ball
2-1: DOUBLE (Flyball, 89XD)
Batting: SHB José Velásquez 0-0: Foul Ball, location: 2F
0-1: SINGLE (Flyball, 9LS)
Salvador Mendoza to third
Batting: RHB Jesús Sánchez 0-0: Grounds into double play, 4-6-3 (Groundball, 4)
Bottom of the 7th over - 0 runs, 2 hits, 0 errors, 1 left on base; BlackIron 12 - Memphis 2
TOP OF THE 8TH
BlackIron Dragons batting - Pitching for Memphis Blues : RHP Luis Pistoni
Batting: RHB Doug O'Brien 0-0: Ground out 3-1 (Groundball, 34)
Batting: RHB Roderick Silva 0-0: Called Strike
0-1: Ball
1-1: Ball
2-1: Ball
3-1: Base on Balls
Batting: LHB Miguel Barrón 0-0: Ball
1-0: TRIPLE (Line Drive, 8RXD)
Roderick Silva scores
Batting: RHB Randall Walker 0-0: Swinging Strike
0-1: Ball
1-1: Ball
2-1: Called Strike
2-2: Strikes out looking
Batting: RHB George Arnold 0-0: Swinging Strike
0-1: Called Strike
0-2: Strikes out swinging
Top of the 8th over - 1 run, 1 hit, 0 errors, 1 left on base; BlackIron 13 - Memphis 2
BOTTOM OF THE 8TH
Memphis Blues batting - Pitching for BlackIron Dragons : RHP António Molina
Batting: LHB Weston Chaney 0-0: Called Strike
0-1: Swinging Strike
0-2: Foul Ball, location: 2F
0-2: Strikes out swinging, 2-3 out at first.
Batting: LHB Brenton Carter 0-0: Fly out, F8 (Flyball, 8LS)
Batting: RHB Aaron Grizzle 0-0: Ball
1-0: Ball
2-0: SOLO HOME RUN (Flyball, 7LD), Distance : 372 ft
Batting: RHB Julian Lee 0-0: Ball
1-0: Ground out 6-3 (Groundball, 6)
Bottom of the 8th over - 1 run, 1 hit, 0 errors, 0 left on base; BlackIron 13 - Memphis 3
TOP OF THE 9TH
BlackIron Dragons batting - Pitching for Memphis Blues : RHP Luis Pistoni
Batting: LHB Miguel García 0-0: Ground out 1-3 (Groundball, 13)
Batting: RHB Bernardo Corona 0-0: Ball
1-0: Called Strike
1-1: Ball
2-1: Swinging Strike
2-2: Ground out 3-1 (Groundball, 34)
Pinch Hitting: RHB Jimmy King 0-0: Ball
1-0: Ball
2-0: Foul Ball, location: 2F
2-1: Foul Ball, location: 2F
2-2: Foul Ball, location: 2F
2-2: Ground out U3 (Groundball, 3S)
Top of the 9th over - 0 runs, 0 hits, 0 errors, 0 left on base; BlackIron 13 - Memphis 3
BOTTOM OF THE 9TH
Memphis Blues batting - Pitching for BlackIron Dragons : RHP António Molina
Now at SS: Joaquín Valenzuela
Now in RF: Jesús Castillo
Batting: RHB Dennis Mays 0-0: Called Strike
0-1: Foul Ball, location: 2F
0-2: Ground out 4-3 (Groundball, 4)
Pitching: LHP Nick Walters
Pinch Hitting: RHB Jorge Domínguez 0-0: Ball
1-0: Ground out 6-3 (Groundball, 6)
Batting: RHB Salvador Mendoza 0-0: Called Strike
0-1: Ball
1-1: Ball
2-1: Ball
3-1: Base on Balls
Batting: SHB José Velásquez 0-0: Ball
Wild Pitch!
Salvador Mendoza to second
1-0: Foul Ball, location: 2F
1-1: Foul Ball, location: 2F
1-2: Fly out, F4 (Line Drive, 34)
Bottom of the 9th over - 0 runs, 0 hits, 0 errors, 1 left on base; BlackIron 13 - Memphis 3
Saturday, December 16th, 2017 - OOTP Baseball 18.8 Build 76